 Dungeon Crawl Stone Soup version 0.18.1-48-g4cf74bf (webtiles) character file.

1327 Simboubou the Cleaver (level 8, -1/71 HPs)
             Began as a Minotaur Berserker on June 19, 2016.
             Was an Elder of Trog.
             Killed by divine providence
             ... invoked by an orc priest
              (9 damage)
             ... on level 5 of the Dungeon on June 26, 2016.
             The game lasted 00:20:22 (3951 turns).

Simboubou the Cleaver (Minotaur Berserker)          Turns: 3951, Time: 00:20:23

Health: -1/71      AC:  9    Str: 22    XL:     8   Next: 34%
Magic:  7/7        EV: 11    Int:  4    God:    Trog [****..]
Gold:   241        SH:  0    Dex: 12    Spells: 0 memorised, 7 levels left

rFire  . . .     SeeInvis .     m - +0 broad axe
rCold  . . .     Gourm    .     j - +0 ring mail
rNeg   . . .     Faith    .     (no shield)
rPois  .         Spirit   .     (helmet restricted)
rElec  .         Dismiss  .     (no cloak)
rCorr  +         Reflect  .     (no gloves)
SustAt .         Harm     .     (no boots)
MR     .....                    o - amulet of magic regeneration
Stlth  +.........               p - ring of resist corrosion
                                d - +3 ring of protection

@: not resistant to hostile enchantments, very unstealthy
A: retaliatory headbutt, horns 2
a: Berserk, Trog's Hand, Brothers in Arms, Burn Spellbooks, Renounce Religion


You were on level 5 of the Dungeon.
You worshipped Trog.
Trog was greatly pleased with you.
You were hungry.

You visited 1 branch of the dungeon, and saw 5 of its levels.

You collected 241 gold pieces.

Inventory:

Hand Weapons
 a - a +1 hand axe
 m - a +0 broad axe (weapon)
Missiles
 g - 123 stones
 r - 4 tomahawks (quivered)
Armour
 b - a +1 animal skin
 j - a +0 ring mail (worn)
Jewellery
 d - a +3 ring of protection (left hand)
 o - an amulet of magic regeneration (around neck)
 p - a ring of resist corrosion (right hand)
Scrolls
 e - a scroll of recharging
 t - a scroll of magic mapping
 v - a scroll of remove curse
Potions
 c - a potion of flight {unknown}
 h - 2 potions of curing
 i - a potion of haste {unknown}
 l - a potion of agility {unknown}
 n - 2 potions of lignification {unknown}
 q - a potion of degeneration {unknown}
 s - 2 potions of berserk rage {unknown}
Comestibles
 f - 5 meat rations
 u - 4 bread rations


   Skills:
 + Level 6.8 Fighting
 * Level 9.7 Axes
 - Level 1.4 Throwing
 + Level 5.7 Armour
 - Level 2.1 Dodging
 + Level 0.6 Stealth


You had 7 spell levels left.
You didn't know any spells.

Dungeon Overview and Level Annotations

Branches:
Dungeon (5/15)             Temple (0/1) D:4

Altars:
Fedhas
Trog


Innate Abilities, Weirdness & Mutations

You reflexively headbutt those who attack you in melee.
You have a pair of horns on your head.


Message History

Menkaure calls on the powers of darkness!
You feel a surge of unholy energy.
The orc priest convulses!
Unknown command.
Unknown command.
Menkaure points at you and mumbles some strange words.
You resist with almost no effort.
You feel the effects of Trog's Hand fading.
Menkaure closely misses you.
You slash Menkaure!
You destroy Menkaure!
Trog appreciates your killing of a magic user.
Your skin stops crawling.
You feel less resistant to hostile enchantments.
The orc priest invokes the aid of Beogh against you.
Beogh smites you!
* * * LOW HITPOINT WARNING * * *
The orc priest miscasts a cantrip.
The orc priest invokes the aid of Beogh against you.
Beogh smites you!
You die...

.......................[.........
.####.............##...#..#.#....
.# #..#####+##...##.o...........
.####..##.........##...#..#.#..#
.......##......o####...........##
#####..##......................(.
#........###.#.#..#...... #####
#........# #.#.#..#.#..## ......
#.......@# #.#.#......... #####.
########.# #.#.##.#.##.## .. #.#
#.#.##.#.##... ..#.
..###.#.##.#...... ... ........
#.#.#.... ..### +###(.
#.##.#.#..##
#8..#...8#.#.#...........
#....#...# #.#.##.#.##...
#...#....#.#.#.##........


You could see an orc priest.

Vanquished Creatures
  Prince Ribbit (D:5)
  Menkaure (D:5)
  2 eyes of draining (D:5)
  A phantom (D:4)
  2 ogres (D:4)
  A howler monkey (D:4)
  A crimson imp (D:5)
  3 hounds (D:4)
  3 orc priests
  A centaur skeleton (D:5)
  2 worker ants
  8 gnolls
  7 adders
  A shadow imp (D:5)
  4 oozes
  3 worms
  A dart slug (D:3)
  2 giant geckos (D:1)
  6 orcs
  6 giant cockroaches
  13 hobgoblins
  3 quokkas
  5 bats
  A giant gecko skeleton (D:4)
  3 giant newts
  11 goblins
  7 kobolds
  4 rats
103 creatures vanquished.

Notes
Turn   | Place    | Note
--------------------------------------------------------------
     0 | D:1      | Simboubou the Minotaur Berserker began the quest for the Orb.
     0 | D:1      | Reached XP level 1. HP: 19/19 MP: 0/0
    70 | D:1      | Reached skill level 4 in Axes
   105 | D:1      | Reached XP level 2. HP: 23/27 MP: 1/1
   260 | D:1      | Reached ** piety under Trog
   291 | D:1      | Reached XP level 3. HP: 27/33 MP: 2/2
   613 | D:2      | Reached skill level 5 in Axes
   623 | D:2      | Reached XP level 4. HP: 25/41 MP: 3/3
  1352 | D:3      | Reached skill level 6 in Axes
  1399 | D:3      | Reached *** piety under Trog
  1399 | D:3      | Reached XP level 5. HP: 47/47 MP: 4/4
  1503 | D:3      | Reached skill level 1 in Throwing
  1768 | D:4      | Found a staircase to the Ecumenical Temple.
  1800 | D:4      | Reached skill level 5 in Fighting
  2058 | D:4      | Reached skill level 7 in Axes
  2059 | D:4      | Reached XP level 6. HP: 39/56 MP: 5/5
  2454 | D:4      | Reached skill level 8 in Axes
  2454 | D:4      | Reached XP level 7. HP: 22/61 MP: 6/6
  3280 | D:4      | Found a blossoming altar of Fedhas.
  3292 | D:4      | Upgraded the game from 0.18.1-47-g9310371 to 0.18.1-48-g4cf74bf
  3310 | D:5      | Entered Level 5 of the Dungeon
  3449 | D:5      | Noticed Prince Ribbit
  3467 | D:5      | Reached **** piety under Trog
  3713 | D:5      | Killed Prince Ribbit
  3713 | D:5      | Reached skill level 9 in Axes
  3789 | D:5      | Reached XP level 8. HP: 69/71 MP: 7/7
  3881 | D:5      | Reached skill level 5 in Armour
  3885 | D:5      | Found a bloodstained altar of Trog.
  3906 | D:5      | Noticed Menkaure
  3926 | D:5      | HP: 2/71 [Menkaure (10)]
  3937 | D:5      | Killed Menkaure
  3951 | D:5      | Killed from afar by an orc priest

Skill      XL: |  1  2  3  4  5  6  7  8 |
---------------+-------------------------+-----
Axes           | 4 5 6 7 8 9 |  9.7
Fighting       | 4 5 6 |  6.8
Throwing       | 1 |  1.4
Armour         | 3 4 5 |  5.7
Dodging        | |  2.1
Stealth        | |  0.6

Action                   |  1- 3 |  4- 6 |  7- 9 || total
-------------------------+-------+-------+-------++-------
Melee: Hand axe          |    73 |    76 |       ||   149
       Headbutt          |    19 |    21 |    10 ||    50
       Spear             |       |    54 |       ||    54
       Broad axe         |       |     9 |    60 ||    69
Throw: Stone             |    11 |    12 |     5 ||    28
       Tomahawk          |       |     6 |    17 ||    23
Invok: Burn Spellbooks   |       |     1 |       ||     1
       Berserk           |       |       |     1 ||     1
       Trog's Hand       |       |       |     1 ||     1
  Use: Scroll            |     7 |     5 |     1 ||    13
  Eat: Bread ration      |       |     2 |       ||     2
       Pizza             |       |       |     1 ||     1
Armor: Animal skin       |    27 |     6 |       ||    33
       Ring mail         |       |    43 |    15 ||    58
Dodge: Dodged            |    43 |    71 |    35 ||   149
